Map: Kairos Junction LE

Players

Smeeeger - Winner!

  • Race: Zerg Zerg
  • League: Platinum
  • Spawn Location: 5:00

SliceNdice

  • Race: Protoss Protoss
  • League: Platinum
  • Spawn Location: 11:00

VOD

Have the link to the VOD?

Description

Time

  • Played on: July 12, 2019, 9 a.m.
  • Length: 14:56
Show
View Real Time Build Order
Export as new Build Order

Smeeeger Zerg - Winner!

Build Orders: Pool First 

Get SALT Encoding   

  12  0:02  Drone  
  13  0:15  Drone  
  13  0:19  Overlord  
  14  0:38  Drone x3  
  17  0:50  Drone  
  18  1:11  Spawning Pool  
  17  1:12  Drone  
  17  1:14  Hatchery  
  17  1:26  Extractor  
  17  1:28  Drone  
  17  1:29  Drone  
  18  1:33  Drone  
  19  1:46  Overlord  
  19  1:58  Zergling x2  
  20  2:03  Queen  
  20  2:06  Zergling x2  
  23  2:34  Queen  
  23  2:35  Drone x2  
  23  2:36  Drone  
  28  2:39  Queen  
  31  2:58  Zergling x6  
  31  2:59  Zergling x4  
  35  3:08  Spine Crawler  
  34  3:29  Metabolic Boost  
  34  3:32  Lair  
  34  3:36  Baneling Nest  
  29  4:10  Zergling x12  
  32  4:25  Hatchery  
  31  4:38  Overlord  
  31  4:44  Roach Warren  
  30  4:52  Zergling x4  
  30  4:53  Zergling x10  
  30  4:54  Zergling x2  
  30  4:59  Lair  
  35  5:12  Zergling x4  
  36  5:25  Roach  
  36  5:26  Roach x3  
  43  5:29  Drone x2  
  38  5:44  Evolution Chamber x2  
  38  5:45  Glial Reconstitution  
  38  5:47  Drone x4  
  38  5:59  Queen  
  38  6:03  Roach  
  44  6:04  Roach  
  44  6:14  Extractor  
  42  6:21  Roach  
  42  6:22  Roach x2  
  47  6:34  Roach  
  47  6:35  Roach  
  49  6:46  Roach  
  49  6:48  Drone  
  44  7:01  Overlord x2  
  44  7:07  Roach x2  
  44  7:08  Roach  
  48  7:09  Drone x2  
  50  7:19  Drone x3  
  50  7:20  Drone x2  
  55  7:25  Roach  
  57  7:46  Drone x3  
  60  7:56  Overlord x3  
  58  8:31  Drone x2  
  58  8:32  Drone x2  
  62  8:34  Extractor  
  62  8:35  Spore Crawler, Extractor  
  62  8:37  Spore Crawler  
  62  8:38  Drone x3  
  62  8:39  Zerg Missile Weapons Level 1  
  51  8:51  Drone  
  51  8:52  Drone x3, Overlord  
  51  9:03  Roach x2  
  51  9:04  Roach  
  51  9:09  Ravager x2  
  59  9:23  Centrifical Hooks  
  59  9:24  Hatchery  
  59  9:29  Ravager  
  59  9:33  Hatchery  
  59  9:35  Ravager  
  59  10:03  Zerg Ground Armor Level 1  
  59  10:11  Hydralisk Den  
  59  10:12  Overseer, Pneumatized Carapace  
  58  10:17  Roach x2  
  58  10:18  Hatchery  
  61  10:25  Overlord x2  
  61  10:28  Roach x5  
  71  10:30  Roach  
  73  10:41  Roach x5  
  83  10:44  Zergling x10  
  83  10:45  Zergling x2  
  89  10:53  Muscular Augments  
  89  10:55  Hydralisk  
  91  11:01  Queen  
  93  11:13  Drone x2  
  93  11:14  Drone x5  
  100  11:20  Zerg Missile Weapons Level 2  
  100  11:23  Baneling x2  
  100  11:24  Baneling x4  
  100  11:30  Drone x4  
  104  11:35  Drone x2  
  106  11:44  Hydralisk x2  
  106  11:45  Hydralisk  
  112  12:02  Overlord x2  
  112  12:03  Overlord x3  
  112  12:08  Zergling x6  
  115  12:16  Grooved Spines  
  115  12:22  Drone  
  116  12:23  Drone x4  
  116  12:26  Drone x3  
  116  12:27  Drone x3  
  126  12:36  Zerg Ground Armor Level 2  
  126  12:41  Infestation Pit  
  126  12:44  Queen  
  125  12:45  Drone x2  
  125  12:46  Drone  
  99  13:28  Hydralisk x6  
  99  13:29  Hydralisk x9  
  99  13:30  Hydralisk  
  121  13:38  Queen  
  121  13:54  Hydralisk x5  
  131  13:59  Spore Crawler  
  130  14:03  Zergling x28  
  144  14:13  Extractor  
  144  14:14  Extractor  
Show
View Real Time Build Order
Export as new Build Order

SliceNdice Protoss 

Build Orders:  

Get SALT Encoding   

  12  0:01  Probe  
  13  0:13  Probe  
  14  0:18  Pylon  
  14  0:25  Probe  
  15  0:36  Gateway  
  15  0:40  Probe  
  16  0:45  Assimilator  
  16  0:52  Probe  
  17  1:02  Pylon  
  18  1:04  Probe  
  18  1:16  Probe  
  19  1:25  Cybernetics Core  
  19  1:33  Probe  
  20  1:42  Zealot  
  20  1:45  Probe, Pylon  
  23  1:56  Forge  
  23  1:59  Warp Gate  
  23  2:13  Stalker  
  25  2:29  Photon Cannon  
  25  2:33  Photon Cannon  
  24  2:38  Photon Cannon  
  24  2:49  Photon Cannon  
  24  2:53  Probe  
  25  3:26  Nexus  
  25  3:29  Pylon  
  25  3:41  Probe  
  25  3:48  Stalker  
  28  3:50  Photon Cannon  
  28  4:07  Probe  
  26  4:19  Probe  
  26  4:20  Stalker  
  29  4:27  Gateway x2  
  29  4:32  Gateway  
  29  4:35  Probe  
  30  4:47  Probe  
  31  4:52  Zealot  
  32  5:07  Probe x2  
  32  5:11  Gateway  
  31  5:14  Stalker  
  31  5:19  Probe  
  34  5:22  Stalker x2  
  36  5:33  Zealot  
  38  5:42  Probe  
  30  6:01  Stalker  
  30  6:02  Stalker  
  34  6:07  Probe  
  35  6:13  Probe  
  36  6:23  Stalker x2  
  40  6:28  Probe  
  40  6:29  Probe  
  42  6:37  Probe  
  33  6:54  Stalker x2  
  33  6:56  Probe  
  36  7:10  Probe  
  36  7:11  Probe  
  38  7:23  Probe x2  
  38  7:25  Assimilator  
  40  7:34  Stalker  
  40  7:35  Probe x2  
  40  7:36  Zealot x3  
  50  7:47  Probe x2  
  52  7:52  Stalker  
  52  7:58  Pylon  
  54  8:11  Probe x2  
  54  8:23  Probe x2  
  48  8:35  Probe x2  
  44  8:43  Stalker  
  44  8:44  Stalker x3  
  44  8:45  Probe  
  44  8:46  Probe  
  50  8:54  Probe x2  
  50  9:02  Probe x2  
  52  9:09  Robotics Facility  
  54  9:13  Assimilator  
  54  9:14  Probe  
  54  9:15  Probe  
  54  9:16  Assimilator  
  56  9:26  Zealot x2, Probe  
  61  9:33  Nexus  
  61  9:39  Pylon  
  61  9:46  Pylon  
  61  9:47  Probe  
  61  9:52  Immortal  
  62  9:57  Probe  
  63  10:04  Sentry  
  69  10:13  Pylon  
  69  10:17  Pylon  
  69  10:28  Immortal, Pylon  
  73  10:36  Probe  
  74  10:43  Pylon  
  74  10:50  Probe  
  74  10:54  Pylon  
  74  10:56  Probe x2  
  77  11:03  Observer  
  78  11:04  Probe  
  78  11:08  Probe  
  80  11:12  Probe  
  81  11:23  Nexus  
  81  11:29  Pylon  
  81  11:38  Immortal  
  85  11:46  Stalker  
  87  11:48  Sentry x3  
  93  11:55  Probe x2  
  95  12:10  Protoss Ground Weapons Level 1, Stargate  
  95  12:12  Pylon x2  
  95  12:13  Protoss Air Weapons Level 1  
  95  12:14  Pylon  
  95  12:23  Stargate  
  95  12:29  Probe x2  
  97  12:30  Probe  
  98  12:38  Observer  
  98  12:41  Probe x2  
  101  12:54  Fleet Beacon  
  101  12:57  Robotics Bay  
  94  13:17  Stalker x2  
  84  13:20  Stalker x2  
  84  13:25  Immortal  
  72  13:30  Stalker  
  56  13:36  Tempest  
  56  13:37  Tempest  
  58  14:02  Stalker x3  
  64  14:06  Stalker  
  64  14:09  Probe x2  
  68  14:11  Tempest  
  71  14:29  Probe x3  
Tags
 
Add a new tag
Caveats
  • Supply blocks, unpowered buildings, or Contaminate may cause inaccurate times.
  • Supply counts are checked every 10 seconds.